 Dungeon Crawl Stone Soup version 0.30-a0-365-ge7f957f1db (webtiles) character file.

Game seed: 9728759873291882048

45390 zishaf the Fighter (level 14, -3/154 HPs)
             Began as a White Draconian Air Elementalist on Nov 17, 2022.
             Was a High Priest of Sif Muna.
             Slain by a shambling mangrove (19 damage)
             ... on level 4 of the Lair of Beasts.
             The game lasted 00:49:17 (17259 turns).

zishaf the Fighter (DrAE)                          Turns: 17259, Time: 00:49:18

Health: -3/154     AC: 17    Str: 18    XL:     14   Next: 0%
Magic:  23/23      EV:  9    Int: 24    God:    Sif Muna [*****.]
Gold:   684        SH:  8    Dex: 15    Spells: 7/25 levels left

rFire   + + .      SeeInvis .    b - +2 whip (elec)
rCold   + . .      Faith    .    G - +2 buckler
rNeg    . . .      Spirit   .    (body armour unavailable)
rPois   .          Reflect  .    O - +2 hat
rElec   +          Harm     .    (no cloak)
rCorr   .          Rampage  .    D - +5 pair of gloves "Soucs" {rElec Will+ Str+2}
Will    +++..                    P - +0 pair of boots
Stlth   ++........               p - amulet of the acrobat
HPRegen 1.25/turn                r - +4 ring of slaying
MPRegen 0.18/turn                I - ring of Makhleb's Displeasure {rElec rF++ Will+ Str+6 Int+4}

@: lethally poisoned (-3 -> -4), grasped by roots, slowed, constricted, studying
2 skills, very slow
A: breathe frost, AC +8, unfitting armour, cold resistance 1, cold-blooded,
agile 1, regeneration 1, robust 2
a: Breathe Frost, Renounce Religion, Channel Magic, Forget Spell, Divine
Exegesis


You were on level 4 of the Lair of Beasts.
You worshipped Sif Muna.
Sif Muna was extremely pleased with you.
You visited 3 branches of the dungeon, and saw 17 of its levels.
You also visited: Bailey.

You collected 2021 gold pieces.
You spent 1337 gold pieces at shops.

Inventory:

Hand Weapons
 a - the +8 whip "Snakebite" {venom, curare, rPois}
   (You bought it in a shop on level 6 of the Dungeon)

   It poisons the flesh of those it strikes.
   It occasionally inflicts asphyxiating poison on those it strikes, dealing
   poison damage and causing slowness.
   rPois:     It protects you from poison.
 b - a +2 whip of electrocution (weapon)
Missiles
 k - 7 curare-tipped darts (quivered)
 v - 6 throwing nets
Armour
 D - the +5 pair of gloves "Soucs" (worn) {rElec Will+ Str+2}
   (You found it in a bailey)

   Str:       It affects your strength (+2).
   rElec:     It insulates you from electricity.
   Will:      It increases your willpower.
 G - a +2 buckler (worn)
 O - a +2 hat (worn)
 P - a +0 pair of boots (worn)
Jewellery
 c - a ring of ice
 o - a ring of see invisible
 p - an amulet of the acrobat (around neck)
 r - a +4 ring of slaying (left hand)
 E - the ring of Surprise {*Corrode AC+4 Str+4 Int+3}
   (You found it in a bailey)

   [ring of protection]

   AC:        It affects your AC (+4).
   Str:       It affects your strength (+4).
   Int:       It affects your intelligence (+3).
   *Corrode:  It may corrode you when you take damage.
 I - the ring of Makhleb's Displeasure (right hand) {rElec rF++ Will+ Str+6 Int+4}
   (You took it off a gnoll on level 8 of the Dungeon)

   [ring of strength]

   Str:       It affects your strength (+6).
   Int:       It affects your intelligence (+4).
   rF:        It greatly protects you from fire.
   rElec:     It insulates you from electricity.
   Will:      It increases your willpower.
Wands
 d - a wand of digging (10)
 j - a wand of polymorph (9)
 t - a wand of mindburst (13)
 B - a wand of roots (4)
 C - a wand of quicksilver (15)
 H - a wand of flame (28)
 J - a wand of paralysis (12)
Scrolls
 l - 6 scrolls of immolation
 n - a scroll of poison
 q - 6 scrolls of identify
 x - 3 scrolls of teleportation
 y - a scroll of enchant armour
 L - 4 scrolls of blinking
 N - a scroll of enchant weapon
Potions
 e - 6 potions of curing
 f - a potion of brilliance
 g - a potion of ambrosia
 i - 4 potions of mutation
 m - 5 potions of flight
 s - 3 potions of heal wounds
 u - 2 potions of cancellation
 w - 2 potions of might
 z - 2 potions of resistance
 A - a potion of magic
 F - 2 potions of lignification
 K - 6 potions of haste
 M - a potion of berserk rage
Miscellaneous
 h - a condenser vane


   Skills:
 + Level 13.1 Fighting
 + Level 9.3 Maces & Flails
 - Level 2.0 Dodging
 - Level 1.7 Stealth
 + Level 8.7 Shields
 - Level 6.0 Spellcasting
 - Level 10.0 Conjurations
 + Level 8.4 Transmutations
 + Level 9.6 Ice Magic
 - Level 3.0 Air Magic
 + Level 9.1 Invocations
 - Level 3.0 Evocations


You had 7 spell levels left.
You knew the following spells:

 Your Spells              Type           Power      Damage    Failure   Level
a - Shock                 Conj/Air       100%       1d9       1%          1
b - Hailstorm             Conj/Ice       53%        3d12      1%          3
c - Airstrike             Air            10%        2d(2-18)  28%         4
A - Static Discharge      Conj/Air       76%        2-6/arc   1%          2
B - Frozen Ramparts       Ice            100%       1d16      1%          3
C - Irradiate             Conj/Tmut      25%        3d20      6%          5

Your spell library contained the following spells:

 Spells                   Type           Power      Damage    Failure   Level
 Beastly Appendage        Tmut           94%        N/A       1%          1
 Foxfire                  Conj/Fire      100%       2x1d9     1%          1
 Freeze                   Ice            100%       1d10      1%          1
 Magic Dart               Conj           100%       1d8       1%          1
 Ensorcelled Hibernation  Hex/Ice        60%        N/A       1%          2
 Wereblood                Tmut           47%        N/A       1%          2
 Dazzling Flash           Conj/Hex       62%        N/A       3%          3
 Stone Arrow              Conj/Erth      62%        3d10      3%          3
 Spider Form              Tmut/Pois      27%        N/A       5%          3
 Swiftness                Air            21%        N/A       9%          3
 Iskenderun's Mystic Bla  Conj/Tloc      31%        2d8       12%         4
 Sublimation of Blood     Necr           7%         N/A       14%         2
 Petrify                  Tmut/Erth      27%        N/A       17%         4
 Yara's Violent Unravell  Hex/Tmut       13%        3d7       43%         5
 Anguish                  Hex/Necr       3%         N/A       67%         4
 Orb of Destruction       Conj           26%        9d9       80%         7
 Silence                  Hex/Air        7%         N/A       82%         5
 Agony                    Necr           7%         N/A       95%         5
 Dragon Form              Tmut           23%        N/A       95%         7
 Enfeeble                 Hex            3%         N/A       100%        7


Dungeon Overview and Level Annotations

Branches:
Dungeon (12/15)            Temple (1/1) D:6            Lair (4/5) D:9
 Shoals (0/4) Lair:2        Snake (0/4) Lair:2        Slime (0/5) Lair:4
    Orc (0/2) D:9          Bailey (visited)

Altars:
Ashenzari
Cheibriados
Dithmenos
Elyvilon
Fedhas
Gozag
Hepliaklqana
Kikubaaqudgha
Makhleb
Nemelex Xobeh
Okawaru
Qazlal
Ru
Sif Muna
Trog
Uskayaw
Vehumet
Wu Jian
Xom
Yredelemnul
Zin
The Shining One
Jiyva

Shops:
D:3 :   D:4 (   D:5 !   D:6 (   D:11 [

Annotations:
D:7 exclusion: upstairs
Lair:4 exclusion: oklob plant


Innate Abilities, Weirdness & Mutations

You can breathe waves of freezing cold which knock back foes.
Your icy white scales are hard. (AC +8)
You cannot fit into any form of body armour.
Your flesh is cold resistant. (rC+)
You are cold-blooded and may be slowed by cold attacks.
You are agile. (Dex +4, Str/Int -1)
Your natural rate of healing is unusually fast.
You are very robust. (+20% HP)


Message History

The grasping roots constrict you!!
* * * LOW HITPOINT WARNING * * *
You hit the shambling mangrove.
Lightning courses through the shambling mangrove!
You tail-slap the shambling mangrove, but do no damage.
The shambling mangrove is severely damaged.
You have got your breath back.
The grasping roots release their grip on you.
You hit the shambling mangrove but do no damage.
The shambling mangrove is severely damaged.
Angry insects surge out from beneath the shambling mangrove's foliage!
You block the shambling mangrove's attack.
You hit the shambling mangrove but do no damage.
The shambling mangrove is severely damaged.
The hornet closely misses you. The hornet barely misses you.
You hit the shambling mangrove but do no damage.
The shambling mangrove is severely damaged.
Roots burst forth from the earth!
The grasping roots grab you! The grasping roots constrict you.
The hornet stings you.
* * * LOW HITPOINT WARNING * * *
You are poisoned.
You feel yourself slow down.
The hornet stings you but does no damage.
You feel better. The hornet barely misses you. The hornet stings you!
* * * LOW HITPOINT WARNING * * *
You are poisoned.
You feel as though you will be slow longer.
The shambling mangrove barely misses you.
The grasping roots constrict you!
* * * LOW HITPOINT WARNING * * *
The hornet stings you!
* * * LOW HITPOINT WARNING * * *
You feel as though you will be slow longer.
You block the hornet's attack.
You feel much better.
You feel very sick. The hornet barely misses you.
You block the hornet's attack. The shambling mangrove hits you!!
You die...

P...#
#.....
#.P.##
###..P(P
#....#
##.#.....
##....###
#.#......
#...=P#.##
##.......
#....P.#
#..#PP..
#....#.#
#P......
##yf.#
##.##...
##.@y#
###.#..
#P...##
###..
##....P###
#..
#....P.#P#
##.
#.#....P.#
#..
###.....P#
##.
#..P..##
#.
#.P#.P.#
#.
#.##...###
##


You could see a shambling mangrove and 2 hornets.

Vanquished Creatures
  Fannar (Lair:1)
  A hydra (Lair:4)
  4 boulder beetles
  5 two-headed ogres
  5 death yaks (Lair:4)
  Urug (D:11)
  Nergalle (Lair:3)
  The ghost of experimilk the Destroyer, a novice DrCj of Fedhas (D:8)
  Pikel (D:4)
  A deep elf pyromancer (D:12)
  2 lindwurms (Lair:4)
  An orc knight (Bailey)
  A deep elf zephyrmancer (D:12)
  2 oklob plants (Lair:4)
  3 manticores (D:12)
  2 ugly things
  A cyclops (D:10)
  2 black mambas
  Joseph (D:9)
  A gargoyle (D:12)
  7 cane toads
  Maggie (Lair:1)
  An unseen horror (D:11)
  2 rime drakes
  5 komodo dragons
  A merfolk (Lair:2)
  2 trolls
  2 polar bears
  6 slime creatures (D:10)
  A meliai zombie (D:10)
  10 dream sheep
  11 blink frogs
  A shadow (D:9)
  2 wraiths (D:11)
  Sigmund (D:4)
  2 vampires
  32 yaks
  6 wyverns
  4 steam dragons
  4 basilisks
  7 vampire mosquitoes
  Grum (D:8)
  9 water moccasins
  Duvessa (D:4)
  4 ice beasts
  6 orc warriors
  2 sky beasts (D:6)
  5 black bears
  4 ogres
  12 wolves
  A phantom (D:5)
  2 centaurs
  2 lemures (D:4)
  8 kobold brigands
  5 bullfrogs
  3 gnoll sergeants (D:8)
  3 necrophages
  5 scorpions
  5 wights
  Dowan (D:4)
  6 killer bees (D:8)
  2 electric eels (Lair:2)
  8 howler monkeys
  A human zombie (D:10)
  6 orc priests
  4 centaur zombies (D:10)
  A hound (D:4)
  2 jellies
  A gnoll bouda (D:8)
  Terence (D:2)
  Natasha (thrice) (D:2)
  3 iguanas
  6 orc wizards
  3 mummies
  Robin (D:2)
  2 howler monkey zombies (D:10)
  8 gnolls (D:8)
  13 adders
  2 river rats (Lair:2)
  2 white imps (D:7)
  2 worms (D:3)
  4 dart slugs
  25 orcs
  4 endoplasms
  3 giant cockroaches
  22 goblins
  8 hobgoblins
  4 jackals (D:4)
  9 ball pythons
  3 bats
  3 frilled lizards
  20 kobolds
  5 rats
411 creatures vanquished.

Vanquished Creatures (others)
  A deep elf pyromancer (D:12)
  A gnoll (D:8)
  A kobold (D:3)
  A bush (D:9)
  6 fungi
  41 plants
  6 toadstools (D:7)
57 creatures vanquished.

Grand Total: 468 creatures vanquished

Notes
Turn   | Place    | Note
-------+----------+-------------------------------------------
     0 | D:1      | zishaf the Draconian Air Elementalist began the quest for
                  | the Orb.
     0 | D:1      | Reached XP level 1. HP: 14/14 MP: 3/3
   180 | D:1      | Reached skill level 1 in Fighting
   180 | D:1      | Reached XP level 2. HP: 23/23 MP: 1/5
   523 | D:1      | Learned a level 2 spell: Static Discharge
  1051 | D:2      | Reached XP level 3. HP: 29/29 MP: 3/6
  1136 | D:2      | Reached skill level 2 in Fighting
  1185 | D:2      | Noticed Natasha
  1230 | D:2      | HP: 1/29 [shadow imp/nerve-wracking pain[Natasha] (13)]
  1400 | D:2      | Noticed Robin
  1511 | D:2      | Killed Robin
  1511 | D:2      | HP: 1/30 [poisoned by Robin]
  1512 | D:2      | Reached XP level 4. HP: 1/37 MP: 4/7
  1949 | D:2      | Killed Natasha
  1950 | D:2      | Reached skill level 3 in Fighting
  2034 | D:2      | Noticed Natasha
  2207 | D:2      | Killed Natasha
  2208 | D:2      | Reached XP level 5. HP: 38/45 MP: 8/8
  2237 | D:2      | Noticed Natasha
  2249 | D:2      | Killed Natasha
  2450 | D:2      | Noticed Terence
  2507 | D:2      | Killed Terence
  2671 | D:2      | Reached skill level 4 in Fighting
  2904 | D:3      | Found a faded altar of an unknown god.
  2921 | D:3      | You fall into a shaft and drop 3 floors!
  2944 | D:6      | Noticed a wyvern
  3001 | D:5      | Entered Level 5 of the Dungeon
  3020 | D:5      | Reached XP level 6. HP: 53/53 MP: 9/9
  3104 | D:5      | Found Jas Xuugg's Distillery.
  3136 | D:5      | Reached skill level 5 in Fighting
  3156 | D:5      | Bought a potion of mutation for 88 gold pieces
  3158 | D:5      | Gained mutation: You have hidden genetic potential. [potion
                  | of mutation]
  3158 | D:5      | Gained mutation: You are robust. (+10% HP) [potion of
                  | mutation]
  3158 | D:5      | Gained mutation: Your natural rate of healing is unusually
                  | fast. [potion of mutation]
  3271 | D:5      | Reached skill level 5 in Conjurations
  3345 | D:5      | Your scales start taking on an icy white colour.
  3345 | D:5      | Reached XP level 7. HP: 67/67 MP: 10/10
  3345 | D:5      | Gained mutation: Your flesh is cold resistant. (rC+) [White
                  | Draconian growth]
  3424 | D:4      | Noticed Duvessa
  3424 | D:4      | Noticed Dowan
  3438 | D:4      | Killed Duvessa
  3450 | D:5      | Gained mutation: You are very robust. (+20% HP) [hidden
                  | potential]
  3475 | D:4      | Killed Dowan
  3476 | D:4      | Reached skill level 6 in Fighting
  3555 | D:4      | Found a broken altar of Ashenzari.
  3699 | D:4      | Noticed Sigmund
  3707 | D:4      | Killed Sigmund
  3775 | D:3      | Found a bloodstained altar of Trog.
  4030 | D:3      | Reached skill level 7 in Fighting
  4111 | D:3      | Reached XP level 8. HP: 87/87 MP: 11/11
  4149 | D:3      | Found a white marble altar of Elyvilon.
  4264 | D:3      | Found Kopsonif's Book Emporium.
  4390 | D:4      | Identified the +0 hand axe "Grim Tooth" {freeze, +Blink
                  | rC+++ Int-4}
  4657 | D:4      | Found Siutet's Antique Weapon Boutique.
  4697 | D:4      | Found a snail-covered altar of Cheibriados.
  4729 | D:4      | Noticed Pikel
  4855 | D:4      | Killed Pikel
  4858 | D:4      | Gained mutation: You are agile. (Dex +4, Str/Int -1)
                  | [hidden potential]
  4858 | D:4      | Lost mutation: You have hidden genetic potential. [hidden
                  | potential expressed]
  5316 | D:5      | Reached skill level 8 in Fighting
  5797 | D:6      | Reached XP level 9. HP: 81/98 MP: 15/15
  5937 | D:6      | Found Gynkuten's Weapon Shoppe.
  6097 | D:6      | Reached skill level 1 in Maces & Flails
  6233 | D:6      | Found a sacrificial altar of Ru.
  6246 | D:6      | Noticed a troll
  6262 | D:6      | Reached skill level 9 in Fighting
  6262 | D:6      | Reached skill level 5 in Spellcasting
  6268 | D:6      | Killed a troll
  6575 | D:6      | Found a staircase to the Ecumenical Temple.
  6592 | Temple   | Entered the Ecumenical Temple
  6651 | Temple   | Became a worshipper of Sif Muna the Loreminder
  6848 | D:6      | Learned a level 5 spell: Irradiate
  6949 | D:6      | Learned a level 4 spell: Airstrike
  6972 | D:6      | Reached skill level 1 in Invocations
  7089 | D:7      | Reached skill level 1 in Transmutations
  7232 | D:7      | Reached XP level 10. HP: 66/111 MP: 11/19
  7234 | D:7      | Reached * piety under Sif Muna
  7457 | D:7      | Reached skill level 10 in Fighting
  7771 | D:3      | Bought a book of Frost for 260 gold pieces
  7775 | D:3      | Learned a level 3 spell: Frozen Ramparts
  8211 | D:8      | Found a flagged portal.
  8243 | Bailey   | Entered a bailey
  8372 | Bailey   | Reached skill level 1 in Ice Magic
  8389 | Bailey   | Noticed an orc knight
  8408 | Bailey   | Killed an orc knight
  8528 | Bailey   | Found a burning altar of Makhleb.
  8544 | Bailey   | Identified the +5 pair of gloves "Soucs" {rElec Will+
                  | Str+2}
  8546 | Bailey   | Identified the ring of Surprise {*Corrode AC+4 Str+4 Int+3}
  8642 | D:6      | Bought the +8 whip "Snakebite" {venom, curare, rPois} for
                  | 813 gold pieces
  8642 | D:6      | Found the +8 whip "Snakebite" {venom, curare, rPois}
  8739 | D:8      | Reached ** piety under Sif Muna
  8749 | D:8      | Reached skill level 5 in Maces & Flails
  8895 | D:8      | Found a transporter.
  9002 | D:8      | Identified the ring of Makhleb's Displeasure {rElec rF++
                  | Will+ Str+6 Int+4}
  9005 | D:8      | Found a transporter.
  9026 | D:8      | Noticed Grum
  9058 | D:8      | Noticed experimilk's ghost (novice DrCj)
  9373 | D:8      | Killed Grum
  9465 | D:8      | Killed experimilk's ghost
  9466 | D:8      | Reached XP level 11. HP: 89/121 MP: 20/20
  9670 | D:9      | Reached skill level 1 in Shields
  9686 | D:9      | Reached *** piety under Sif Muna
  9708 | D:9      | Found a staircase to the Lair.
  9737 | D:9      | Found a staircase to the Orcish Mines.
  9835 | D:9      | Found a glowing silver altar of Zin.
  9866 | D:9      | Found a radiant altar of Vehumet.
  9955 | D:9      | Noticed Joseph
  9967 | D:9      | Killed Joseph
  9968 | D:9      | Reached skill level 5 in Invocations
 10126 | D:9      | Reached skill level 11 in Fighting
 10200 | D:9      | Reached skill level 5 in Ice Magic
 10265 | D:9      | Found a burning altar of Makhleb.
 10298 | D:9      | Learned a level 3 spell: Hailstorm
 10318 | D:10     | Entered Level 10 of the Dungeon
 10585 | D:10     | Reached skill level 5 in Transmutations
 10661 | D:10     | Reached **** piety under Sif Muna
 10875 | D:10     | Reached skill level 5 in Shields
 11028 | D:10     | Noticed a two-headed ogre
 11048 | D:10     | Killed a two-headed ogre
 11115 | D:10     | Noticed a two-headed ogre
 11123 | D:10     | Killed a two-headed ogre
 11124 | D:10     | Reached XP level 12. HP: 120/132 MP: 21/21
 11387 | D:10     | Found a basalt altar of Yredelemnul.
 11672 | D:11     | Noticed a two-headed ogre
 11745 | D:10     | Killed a two-headed ogre
 11836 | D:11     | Noticed Urug
 11846 | D:11     | Killed Urug
 12095 | D:11     | Found Xuedd's Armour Emporium.
 12098 | D:11     | Bought a +2 hat for 176 gold pieces
 12194 | D:11     | Noticed a two-headed ogre
 12203 | D:11     | Killed a two-headed ogre
 12231 | D:11     | Noticed a two-headed ogre
 12239 | D:11     | Killed a two-headed ogre
 12519 | D:12     | Noticed a boulder beetle
 12528 | D:12     | Killed a boulder beetle
 12765 | D:12     | Reached skill level 12 in Fighting
 12767 | D:12     | Noticed a boulder beetle
 12780 | D:12     | Killed a boulder beetle
 12971 | D:12     | Reached ***** piety under Sif Muna
 13018 | D:12     | Received a gift from Sif Muna
 13024 | D:12     | Got Caxzoleff's Essays on Transformation and the Rocks {god
                  | gift}
 13060 | D:12     | Noticed a boulder beetle
 13075 | D:12     | Killed a boulder beetle
 13281 | D:12     | Reached XP level 13. HP: 141/141 MP: 22/22
 13484 | Lair:1   | Entered Level 1 of the Lair of Beasts
 13496 | Lair:1   | Noticed Maggie
 13519 | Lair:1   | Killed Maggie
 13952 | Lair:1   | Noticed Fannar
 13965 | Lair:1   | Killed Fannar
 14786 | Lair:2   | Found a staircase to the Snake Pit.
 15047 | Lair:2   | Found a staircase to the Shoals.
 15808 | Lair:3   | Noticed Nergalle
 15822 | Lair:3   | Killed Nergalle
 16196 | Lair:4   | Reached skill level 10 in Conjurations
 16446 | Lair:4   | Received a gift from Sif Muna
 16456 | Lair:4   | Reached skill level 13 in Fighting
 16458 | Lair:4   | Got Sif Muna's Atlas of Damage Dealing {god gift}
 16545 | Lair:4   | Found a viscous altar of Jiyva.
 16547 | Lair:4   | Found a staircase to the Slime Pits.
 17144 | Lair:4   | Reached XP level 14. HP: 106/154 MP: 23/23
 17258 | Lair:4   | HP: 1/154 [hornet[a shambling mangrove] (10)]
 17259 | Lair:4   | Slain by a shambling mangrove

Illustrated notes

Levels and vault maps discovered:
D:1:      lemuel_arrival_tunnels, layout_rooms, serial_bayou_pond_b
D:2:      layout_basic, uniq_robin, uniq_terence, uniq_natasha
D:3:      layout_loops_ring, mainiacjoe_overflow_catwalk, elyvilon_altar_4,
          serial_shops, nicolae_shop_window_shopping,
          ebering_ecumenical_altar_ruins
D:4:      cheibrodos_old_hovel, layout_basic, evilmike_ruin_ashenzari,
          slow_altar_2, serial_shops, nicolae_shop_competitors_out_of_business,
          chequers_serial_rivers_small_b, minivault_4, uniq_sigmund, uniq_pikel,
          uniq_duvessa
D:5:      layout_basic, serial_shops, nicolae_shop_advertising_works
          [nicolae_subvault_shop_adworks]
D:6:      layout_cave_pods, nicolae_overflow_hidden_temple,
          minmay_temple_entry_drinking_statues, serial_shops,
          nicolae_shop_bloodbath_and_beyond, minmay_misc_feat_x, st_stairs_11,
          hangedman_abyss_or_decor_passed, minmay_manual_moon
D:7:      layout_cave_pools, minmay_gold_behind_fungi
D:8:      layout_loops_cross, gammafunk_ghost_gnarly_gnolls, enter_bailey_8
D:9:      layout_roguey, nicolae_vehumet_altar_sigil,
          mainiacjoe_overflow_chevrons, bloody_makhleb, minmay_lair_entry_grove,
          david_orc_2, uniq_joseph
D:10:     layout_stronghold, lemuel_mausoleum_altar_yredelemnul
D:11:     layout_irregular_city, serial_shops, nicolae_shop_behind_doors,
          uniq_urug
D:12:     layout_loops_ring, billiards_dpeg
Temple:   cyrus_circular_temple
Lair:1:   layout_cave_pods, uniq_fannar, uniq_maggie
Lair:2:   layout_hall_layers, elwin_shoals_entry_rooms, dummy_snake_entry, pond
Lair:3:   layout_chaotic_city, infiniplex_staircase_pool_2, uniq_nergalle
Lair:4:   minmay_lair_oklob_tunnel, layout_misc_corridors, slime_entry_1,
          chequers_serial_rivers_room_a, grunt_megastairs_3

Skill      XL: |  1  2  3  4  5  6  7  8  9 10 11 12 13 |
---------------+----------------------------------------+-----
Dodging        | 2 |  2.0
Fighting       | 1 2 3 4 5 7 8 9 10 11 12 13 | 13.1
Conjurations   | 2 3 4 5 6 7 8 9 10 | 10.0
Spellcasting   | 4 6 |  6.0
Evocations     | 3 |  3.0
Maces & Flails | 3 5 7 8 9 |  9.3
Invocations    | 1 4 6 7 9 |  9.1
Transmutations | 1 4 5 6 8 |  8.4
Ice Magic      | 3 6 7 9 |  9.6
Shields        | 5 7 8 |  8.7
Stealth        | |  1.7
Air Magic      | |  3.0

Action                   |  1- 3 |  4- 6 |  7- 9 | 10-12 | 13-15 || total
-------------------------+-------+-------+-------+-------+-------++-------
Melee: Dagger            |    40 |    76 |   150 |       |       ||   266
       Tailslap          |     6 |    10 |    48 |   149 |    75 ||   288
       Punch             |     2 |     1 |     5 |     3 |       ||    11
       Whip              |       |       |   121 |   693 |   399 ||  1213
Throw: Dart              |       |    12 |       |     6 |     1 ||    19
 Cast: Shock             |    50 |     8 |    16 |     6 |       ||    80
       Static Discharge  |     9 |     6 |    16 |    19 |       ||    50
       Frozen Ramparts   |       |       |       |     1 |       ||     1
       Hailstorm         |       |       |       |       |     3 ||     3
       Airstrike         |       |       |       |       |     1 ||     1
 Abil: Breathe Frost     |       |       |     3 |     1 |     1 ||     5
Evoke: Wand              |       |       |       |       |     6 ||     6
  Use: Potion            |     1 |     3 |     2 |     1 |     2 ||     9
       Scroll            |       |       |    17 |     5 |     1 ||    23
 Stab: Sleeping          |       |       |     6 |     7 |     3 ||    16
Armor: Skin              |    15 |    12 |    90 |   206 |    86 ||   409
Dodge: Dodged            |    31 |    45 |   200 |   371 |   168 ||   815
Block: Buckler           |       |       |       |   141 |   128 ||   269

Table legend: (Time is in decaauts)
 A = Elapsed time spent in this place.
 B = Non-inter-level travel time spent in this place.
 C = Inter-level travel time spent in this place.
 D = Time resting spent in this place.
 E = Time spent auto-exploring this place.
 F = Levels seen in this place.
 G = Mean time per level.
                   A        B        C        D        E       F      G
               +--------+--------+--------+--------+--------+-----+--------+
         Total |  17045 |  15779 |   1266 |   1126 |  10635 |  18 |  946.9 |
       Dungeon |  12974 |  11829 |   1145 |    780 |   7903 |  12 | 1081.2 |
        Temple |     72 |     59 |     13 |      0 |     42 |   1 |   72.0 |
          Lair |   3676 |   3569 |    107 |    232 |   2690 |   4 |  919.0 |
        Bailey |    322 |    322 |      0 |    114 |      0 |   1 |  322.0 |
               +--------+--------+--------+--------+--------+-----+--------+

Top non-repeatable levels by time:
     D:2: 1812 daAuts
     D:6: 1612 daAuts
    D:10: 1415 daAuts
     D:4: 1212 daAuts
  Lair:4: 1106 daAuts
     D:1: 1081 daAuts
     D:8: 1044 daAuts
     D:5: 1036 daAuts
  Lair:1: 941 daAuts
  Lair:3: 885 daAuts
    D:12: 841 daAuts
    D:11: 797 daAuts
  Lair:2: 743 daAuts
     D:7: 711 daAuts
     D:9: 709 daAuts
